 Dungeon Crawl Stone Soup version 0.24-a0-307-gf989941d98 (webtiles) character file.

Game seed: 2765609040830901236

3766 Esekla the Sneak (level 10, 0/63 HPs)
             Began as an Octopode Wizard on May 12, 2019.
             Slain by a hippogriff (2 damage)
             ... on level 7 of the Dungeon.
             The game lasted 01:16:14 (9242 turns).

Esekla the Sneak (Octopode Wizard)                  Turns: 9242, Time: 01:16:14

Health: 0/63       AC:  1    Str:  8    XL:     10   Next: 16%
Magic:  0/15       EV: 16    Int: 22    God:
Gold:   421        SH:  5    Dex: 11    Spells: 7/16 levels left

rFire    . . .     SeeInvis .   v - +4 dagger (venom)
rCold    . . .     Gourm    .   f - +1 buckler
rNeg     . . .     Faith    .   a - +0 hat
rPois    .         Spirit   +   g - amulet of guardian spirit
rElec    .         Reflect  .   k - +2 ring of evasion
rCorr    .         Harm     .   (no ring)
MR       .....                  (no ring)
Stlth    ++++......             (no ring)
HPRegen  0.20/turn              (no ring)
MPRegen  0.14/turn              (no ring)
                                (no ring)
                                (no ring)

@: no status effects
A: almost no armour, stealthy swim, amphibious, 8 rings, constrict 8, camouflage
1, gelatinous body 1
a: no special abilities


You were on level 7 of the Dungeon.
You were hungry.

You visited 2 branches of the dungeon, and saw 9 of its levels.
You also visited: Ossuary.

You collected 421 gold pieces.

Inventory:

Hand Weapons
 d - a +1 rapier
 e - a +0 dagger of holy wrath
 v - a +4 dagger of venom (weapon)
Missiles
 y - 10 boomerangs (quivered)
 A - 33 poisoned darts
 D - 5 javelins
Armour
 a - a +0 hat (worn)
 f - a +1 buckler (worn)
Jewellery
 g - an amulet of guardian spirit (around mantle)
 h - an uncursed ring of fire
 k - a +2 ring of evasion (left tentacle)
 z - an uncursed amulet of rage {unknown}
Wands
 B - a wand of iceblast (7)
Scrolls
 j - 3 scrolls of amnesia
 l - a scroll of enchant armour
 q - a scroll of teleportation
 C - a scroll of random uselessness {unknown}
 F - a scroll of vulnerability {unknown}
Potions
 b - 2 potions of heal wounds {unknown}
 i - 2 potions of agility
 m - 3 potions of might
 n - 2 potions of degeneration {unknown}
 o - a potion of brilliance
 p - 2 potions of flight {unknown}
 r - 2 potions of invisibility {unknown}
 s - 4 potions of curing
 t - a potion of ambrosia {unknown}
 u - a potion of resistance {unknown}
 w - 2 potions of cancellation {unknown}
 x - a potion of lignification {unknown}
 E - 2 potions of berserk rage {unknown}
Comestibles
 c - 10 rations


   Skills:
 + Level 3.4 Fighting
 + Level 5.5 Short Blades
 + Level 1.1 Throwing
 + Level 4.4 Dodging
 + Level 6.2 Stealth
 + Level 3.4 Shields
 + Level 3.6 Spellcasting
 * Level 5.0 Conjurations
   Level 1.0 Summonings
 * Level 4.3 Translocations
 * Level 4.2 Fire Magic
 * Level 4.7 Air Magic
 + Level 4.3 Poison Magic


You had 7 spell levels left.
You knew the following spells:

 Your Spells              Type           Power        Failure   Level  Hunger
a - Magic Dart            Conj           ####         1%          1    None
b - Blink                 Tloc           N/A          3%          2    ##.....
c - Mephitic Cloud        Conj/Pois/Air  ###.....     5%          3    ###....
f - Conjure Flame         Conj/Fire      ###.....     5%          3    ###....

Your spell library contained the following spells:

 Spells                   Type           Power        Failure   Level  Hunger
 Call Imp                 Summ           #.......     13%         2    ##.....
 Slow                     Hex            #.......     19%         2    ##.....


Dungeon Overview and Level Annotations

Branches:
Dungeon (8/15)             Temple (1/1) D:4
   Lair: D:8-11

Altars:
Ashenzari
Cheibriados
Dithmenos
Elyvilon
Fedhas
Gozag
Hepliaklqana
Kikubaaqudgha
Makhleb
Nemelex Xobeh
Okawaru
Qazlal
Ru
Trog
Uskayaw
Vehumet
Wu Jian
Xom
Yredelemnul
Zin
The Shining One

Shops:
D:7 [

Annotations:
D:8 Maurice


Innate Abilities, Weirdness & Mutations

You cannot wear most types of armour.
You are very stealthy in the water. (Stealth+)
You are amphibious.
You can wear up to eight rings at the same time.
You can use your tentacles to constrict eight enemies at once.
Your skin changes colour to match your surroundings (Stealth+).
Your rubbery body absorbs attacks. (AC +1, EV +1)


Message History

You squeeze the orc priest.
The orc priest is almost dead.
You constrict the orc priest.
The orc throws a stone.
The stone closely misses you.
You hit the hippogriff but do no damage.
The hippogriff looks as sick as possible!
The hippogriff is severely wounded.
You constrict the orc priest.
You kill the orc priest!
Your Throwing skill increases to level 1!
You block the hippogriff's attack. The hippogriff pecks you!
* * * LOW HITPOINT WARNING * * *
The hippogriff claws you!
* * * LOW HITPOINT WARNING * * *
You closely miss the hippogriff.
The hippogriff is almost dead.
The orc throws a stone.
The stone barely misses you. The hippogriff bites you!
* * * LOW HITPOINT WARNING * * *
The hippogriff closely misses you. The hippogriff claws you.
You die...

.#################'######
.#......................#
.#.##########....[......#
.#.# #...........# .#.#
#...........# .#.#
#....o.o....# .#[########
#...........#
........(.###..H.)......#
.....(...(((....@########
..............(..#
.................#
..........###....# ..
..........# #.(..# ....
..........# #....###.....
..........#######...o....
................'..Y..Y..
.#.#####.########.%Yo....


You could see a hippogriff, an orc priest (confused) and an orc.

Vanquished Creatures
  A hippogriff (D:7)
  A spriggan (D:7)
  5 yaks
  An orc warrior (D:6)
  A sky beast (D:4)
  2 ice beasts
  3 ogres
  3 centaurs
  6 bullfrogs
  2 water moccasin zombies (Ossuary)
  A scorpion (D:7)
  A howler monkey (D:5)
  3 crimson imps
  A centaur skeleton (D:4)
  3 jellies
  10 orc wizards
  5 orc priests
  4 hounds
  2 bullfrog skeletons (D:7)
  An iguana (D:6)
  4 worker ants
  A killer bee zombie (D:8)
  3 big kobold zombies (Ossuary)
  2 mummies (Ossuary)
  5 adders
  A shadow imp (D:5)
  An adder skeleton (D:4)
  4 adder zombies (Ossuary)
  5 worms
  A dart slug (D:1)
  5 leopard geckos
  35 orcs
  9 bats
  8 giant cockroaches
  4 gnoll zombies (Ossuary)
  3 goblins
  12 hobgoblins
  15 jackals
  2 quokkas
  2 ball pythons
  9 frilled lizards
  8 hobgoblin zombies (Ossuary)
  9 kobolds
  7 kobold zombies (Ossuary)
  A leopard gecko skeleton (D:6)
  5 orc zombies (Ossuary)
  9 rats
  A butterfly (D:4)
227 creatures vanquished.

Vanquished Creatures (others)
  An iguana (D:8)
  An orc zombie (Ossuary)
2 creatures vanquished.

Grand Total: 229 creatures vanquished

Notes
Turn   | Place    | Note
-------+----------+-------------------------------------------
     0 | D:1      | Esekla the Octopode Wizard began the quest for the Orb.
     0 | D:1      | Reached XP level 1. HP: 11/11 MP: 4/4
   309 | D:1      | Reached XP level 2. HP: 17/17 MP: 6/6
   582 | D:2      | Reached XP level 3. HP: 17/21 MP: 7/7
   588 | D:2      | Learned a level 2 spell: Blink
   592 | D:2      | Learned a level 3 spell: Mephitic Cloud
  1097 | D:1      | Reached XP level 4. HP: 24/27 MP: 8/8
  1107 | D:1      | Learned a level 3 spell: Conjure Flame
  1559 | D:2      | Reached skill level 1 in Air Magic
  1972 | D:3      | Reached skill level 3 in Stealth
  1982 | D:3      | Reached skill level 1 in Poison Magic
  2143 | D:2      | Found a bloodstained altar of Trog.
  2329 | D:3      | Reached XP level 5. HP: 29/32 MP: 6/9
  2533 | D:3      | Reached skill level 1 in Short Blades
  2533 | D:3      | Reached skill level 1 in Shields
  2705 | D:4      | Found an iron altar of Okawaru.
  2711 | D:4      | Noticed a phantom
  2761 | D:4      | Found a staircase to the Ecumenical Temple.
  2776 | D:4      | Found a sand-covered staircase.
  2835 | D:4      | Noticed an ogre
  2877 | D:4      | Killed an ogre
  2877 | D:4      | Reached skill level 1 in Fighting
  2877 | D:4      | Reached XP level 6. HP: 14/38 MP: 0/10
  3050 | Ossuary  | Entered an ossuary
  3256 | Ossuary  | Reached skill level 4 in Stealth
  3839 | Ossuary  | Reached XP level 7. HP: 41/43 MP: 11/11
  3951 | D:4      | Found a shadowy altar of Dithmenos.
  4128 | Temple   | Entered the Ecumenical Temple
  4527 | D:5      | Entered Level 5 of the Dungeon
  4603 | D:5      | Reached skill level 1 in Fire Magic
  4637 | D:5      | Reached XP level 8. HP: 10/50 MP: 3/12
  5255 | D:5      | Found a radiant altar of Vehumet.
  6022 | D:6      | Reached skill level 5 in Stealth
  6105 | D:6      | Found a blossoming altar of Fedhas.
  6366 | D:6      | Reached XP level 9. HP: 19/55 MP: 5/13
  6726 | D:7      | Found a sparkling altar of Nemelex Xobeh.
  6740 | D:7      | Found Hoph's Antique Armour Boutique.
  7398 | D:8      | Noticed an angel
  7399 | D:8      | Found a glowing silver altar of Zin.
  7400 | D:8      | Found a shimmering altar of Xom.
  7401 | D:8      | Noticed Maurice
  7692 | D:7      | HP: 2/56 [hippogriff (7)]
  8201 | D:7      | Reached skill level 5 in Short Blades
  8201 | D:7      | Reached skill level 6 in Stealth
  8784 | D:6      | Reached XP level 10. HP: 9/63 MP: 1/15
  9152 | D:7      | Reached skill level 5 in Conjurations
  9241 | D:7      | Reached skill level 1 in Throwing
  9242 | D:7      | HP: 2/63 [hippogriff (8)]
  9242 | D:7      | Slain by a hippogriff

Levels and vault maps discovered:
D:1:      minmay_arrival_widening_spiral_wide, layout_basic
D:2:      layout_loops_ring, lightli_temple_of_fire, minmay_heptomino_o4
D:3:      layout_rooms
D:4:      layout_basic, nicolae_dithmenos_the_darkroom, lemuel_crystal_altar,
          minmay_temple_entry_butterflies, first_ration,
          nicolae_ossuary_entry_false_entrances
D:5:      layout_rooms, vehumet_crystals, corexii_corridor_pit
D:6:      layout_layer_cave, lemuel_doored_altar
D:7:      layout_basic, serial_shops, shop, the_bakery, lemuel_statue_altar
D:8:      layout_loops_ring, grunt_temple_overflow_order_and_chaos_1,
          lemuel_blue_sif_altar, uniq_maurice
Temple:   eino_temple_water

Skill      XL: |  1  2  3  4  5  6  7  8  9 10 |
---------------+-------------------------------+-----
Conjurations   | 2 3 4 5 |  5.0
Air Magic      | 1 2 3 4 |  4.7
Stealth        | 3 4 5 6 |  6.2
Poison Magic   | 1 2 3 4 |  4.3
Short Blades   | 1 2 3 4 5 |  5.5
Shields        | 1 2 3 |  3.4
Fighting       | 1 2 3 |  3.4
Dodging        | 3 4 |  4.4
Fire Magic     | 1 2 3 4 |  4.2
Translocations | 2 4 |  4.3
Throwing       | 1 |  1.1
Spellcasting   | |  3.6
Summonings     | |  1.0

Action                   |  1- 3 |  4- 6 |  7- 9 | 10-12 || total
-------------------------+-------+-------+-------+-------++-------
Melee: Unarmed           |    15 |       |       |       ||    15
       Constrict         |    18 |    49 |    62 |     2 ||   131
       Tentacles         |     6 |    28 |    48 |     4 ||    86
       Club              |    33 |       |       |       ||    33
       Rapier            |    24 |   233 |    15 |       ||   272
       Dagger            |       |       |   329 |    31 ||   360
Throw: Boomerang         |       |       |    16 |     2 ||    18
       Dart              |       |       |     4 |       ||     4
       Javelin           |       |       |     1 |       ||     1
 Cast: Magic Dart        |    19 |    32 |    27 |       ||    78
       Mephitic Cloud    |       |     2 |     8 |     2 ||    12
       Blink             |       |     2 |     2 |       ||     4
  Use: Scroll            |       |    11 |     5 |       ||    16
 Stab: Sleeping          |     6 |    18 |    10 |       ||    34
       Distracted        |       |       |     1 |       ||     1
       Confused          |       |       |       |     1 ||     1
  Eat: Ration            |       |     3 |     5 |       ||     8
Armor: Skin              |     3 |     8 |     4 |     1 ||    16
Dodge: Dodged            |    51 |   131 |   147 |    23 ||   352
Block: Buckler           |     2 |    31 |    59 |     9 ||   101

Table legend:
 A = Non-vault XP
 B = Vault XP
 C = Vault XP percentage of total XP
 D = Non-vault monster count
 E = Vault monster count
 F = Vault count percentage of total count
                 A         B        C        D         E       F
            +---------+---------+-------+---------+---------+-------
      Total |    4838 |     543 |  10.1 |     186 |      37 |  16.6
            +---------+---------+-------+---------+---------+-------
        D:1 |      52 |       0 |   0.0 |      30 |       0 |   0.0
        D:2 |      65 |       8 |  11.0 |      26 |       4 |  13.3
        D:3 |     112 |       0 |   0.0 |      25 |       0 |   0.0
        D:4 |     449 |       0 |   0.0 |      18 |       0 |   0.0
        D:5 |     520 |       0 |   0.0 |      11 |       0 |   0.0
        D:6 |    1472 |       0 |   0.0 |      29 |       0 |   0.0
        D:7 |    1684 |     229 |  12.0 |      38 |       1 |   2.6
        D:8 |     484 |       0 |   0.0 |       9 |       0 |   0.0
    Ossuary |       0 |     306 | 100.0 |       0 |      32 | 100.0
            +---------+---------+-------+---------+---------+-------
